 Dungeon Crawl Stone Soup version 0.30.1-9-gdf580d7c3d (webtiles) character file.

Game seed: 6462187099417835504

67 Ivernyr the Ruffian (level 4, -2/40 HPs)
             Began as a Ghoul Monk on Oct 4, 2023.
             Slain by Robin
             ... wielding a +0 whip
              (6 damage)
             ... on level 3 of the Dungeon.
             The game lasted 00:02:47 (2033 turns).

Ivernyr the Ruffian (Ghoul Monk)                    Turns: 2033, Time: 00:02:47

Health: -2/40      AC:  2    Str: 16    XL:     4   Next: 18%
Magic:  3/3        EV: 12    Int:  5    God:
Gold:   91         SH:  0    Dex: 11    Spells: 3/3 levels left

rFire   . .          .
                       - Unarmed
rCold   + . .        c - orb {light}
rNeg    + + +        a - +0 robe
rPois   ∞            (no helmet)
rElec   .            (no cloak)
rCorr   .            (no gloves)
SInv    .            (no boots)
Will    .....        (no amulet)
Stlth   +            (no ring)
HPRegen 0.00/turn    (no ring)
MPRegen 0.08/turn

%: no passive effects
@: inhibited regen, glowing
A: claws 1, cold resistance 1, negative energy resistance 3, inhibited
regeneration, torment resistance 2, devour on kill
a: no special abilities


You were on level 3 of the Dungeon.
You visited 1 branch of the dungeon, and saw 3 of its levels.

You collected 91 gold pieces.

Inventory:

Armour
 a - a +0 robe (worn)
 c - an orb of light (worn)
Jewellery
 j - a ring of wizardry
 k - a ring of flight
Wands
 m - a wand of flame (24)
Scrolls
 e - a scroll of identify {unknown}
 f - 2 scrolls of noise {unknown}
 h - a scroll of enchant armour {unknown}
 i - 2 scrolls of magic mapping {unknown}
Potions
 b - a potion of ambrosia
 d - 5 potions of curing {unknown}
 g - 2 potions of haste {unknown}
 l - a potion of heal wounds {unknown}


   Skills:
 + Level 3.7 Fighting
 + Level 1.3 Armour
 + Level 3.1 Dodging
 * Level 4.2 Unarmed Combat


You had 3 spell levels left.
You didn't know any spells.
Your spell library contained the following spells:

 Spells                   Type           Power      Damage    Failure   Level
 Cigotuvi's Dreadful Rot  Necr/Pois/Air  0%         N/A       63%         2
 Ignite Poison            Fire/Tmut/Pois 0%         N/A       85%         3
 Freezing Cloud           Conj/Ice/Air   0%         6-21      100%        5


Dungeon Overview and Level Annotations

Branches:
Dungeon (3/15)

Altars:

Annotations:
D:3 Robin


Innate Abilities, Weirdness & Mutations

You are immune to poison.
You have sharp fingernails.
Your flesh is cold resistant. (rC+)
You are immune to negative energy. (rN+++)
You do not regenerate when monsters are visible.
You are immune to unholy pain and torment.
You thrive by killing the living.


Message History

The hobgoblin closely misses you.
You completely miss the hobgoblin.
The goblin shouts!
The hobgoblin hits you.
* * * LOW HITPOINT WARNING * * *
You scratch the hobgoblin.
The hobgoblin is moderately wounded.
The goblin no longer looks unusually strong.
Robin says, "A pitiful Ghoul like you will never find the ORB!"
Robin throws the goblin at you! The goblin hits you with a +0 club.
* * * LOW HITPOINT WARNING * * *
The hobgoblin closely misses you. The goblin hits you with a +0 club.
* * * LOW HITPOINT WARNING * * *
The goblin no longer looks unusually strong.
Robin roars a battlecry!
The goblins go into a battle-frenzy!
Robin throws the goblin at you! The goblin barely misses you.
The goblin attacks as you move away! The goblin closely misses you. x2
Robin's bangles clink loudly.
You scratch the goblin.
You kill the goblin!
You feel better.
You barely miss the goblin. The goblin barely misses you.
You scratch the goblin.
The goblin is severely wounded.
The goblin hits you with a +0 dagger.
* * * LOW HITPOINT WARNING * * *
Robin roars a battlecry!
You claw the goblin!
You kill the goblin!
You scratch the hobgoblin.
You kill the hobgoblin!
You feel better.
You scratch Robin but do no damage.
Robin is moderately wounded.
Robin hits you with a +0 whip.
You die...

######.#############.#######
............................
#.##.######.#....##.#########
#.##.#......####.#...........
..).).......gg......>########
#.##.#......####.#.#.#
#.##.######.# #)#.#.# #.##.#
#.# #g#.#.###### #.##.# #.#
#@#.#.##...##### #.#... ..#
#.#.#..........### ..##.# ###
#...#...#........# ######
..########.######......
............# ####...
#.########..# ##..
#<##......# #.. #.##.##...#
##. #.##.##...# #.


You could see Robin.

Vanquished Creatures
  2 adders (D:2)
  3 ball pythons
  2 endoplasms (D:1)
  3 giant cockroaches
  14 goblins
  4 hobgoblins
  3 jackals (D:1)
  2 quokkas (D:1)
  2 bats
  2 frilled lizards
  4 kobolds
  3 rats
44 creatures vanquished.

Notes
Turn   | Place    | Note
-------+----------+-------------------------------------------
     0 | D:1      | Ivernyr the Ghoul Monk began the quest for the Orb.
     0 | D:1      | Reached XP level 1. HP: 19/19 MP: 0/0
    57 | D:1      | Reached XP level 2. HP: 16/26 MP: 1/1
   821 | D:2      | Reached XP level 3. HP: 23/31 MP: 2/2
  1001 | D:2      | Reached skill level 1 in Armour
  1184 | D:2      | Reached skill level 4 in Unarmed Combat
  1996 | D:3      | Noticed Robin
  2001 | D:3      | Reached XP level 4. HP: 28/40 MP: 3/3
  2029 | D:3      | HP: 2/40 [goblin/+0 dagger[Robin] (3)]
  2033 | D:3      | Slain by Robin

Illustrated notes

Levels and vault maps discovered:
D:1:      saegor_arrival_miasma, layout_basic
D:2:      minmay_door_path, layout_loops_ring, minivault_5,
          grunt_decor_resistance, minmay_curled_crystal
D:3:      corexii_shack_village, layout_basic, old_standard_altar,
          serial_curves, eino_curves_04, eino_curves_02, eino_curves_04,
          eino_curves_01, roderic_lattice_a, uniq_terence, uniq_robin

Skill      XL: |  1  2  3 |
---------------+----------+-----
Armour         | 1 |  1.3
Dodging        | 3 |  3.1
Unarmed Combat | 4 |  4.2
Fighting       | |  3.7

Action                     |  1- 3 |  4- 6 || total
---------------------------+-------+-------++-------
  Melee: Unarmed           |    95 |    17 ||   112
 Armour: Robe              |    21 |     1 ||    22
  Dodge: Dodged            |    59 |     6 ||    65
